 Dungeon Crawl Stone Soup version 0.26-a0-845-gfacbca91cf (webtiles) character file.

Game seed: 10231313426862039982

6947 Kinoniko the Impaler (level 11, -14/89 HPs)
             Began as a Merfolk Gladiator on Nov 19, 2020.
             Was an Elder of Okawaru.
             Demolished by a boulder beetle (39 damage)
             ... on level 9 of the Dungeon.
             The game lasted 00:15:50 (10709 turns).

Kinoniko the Impaler (Merfolk Gladiator)           Turns: 10709, Time: 00:15:51

Health: -14/89     AC: 16    Str: 16    XL:     11   Next: 7%
Magic:  14/14      EV: 22    Int:  9    God:    Okawaru [****..]
Gold:   418        SH:  0    Dex: 23    Spells: 10/10 levels left

rFire    + . .     SeeInvis .   o - +2 halberd
rCold    . . .     Faith    .   (shield currently unavailable)
rNeg     . . .     Spirit   .   v - +7 leather armour of the Loofah {*Corrode rPois rF+ Dex+7}
rPois    +         Reflect  .   w - +2 helmet
rElec    .         Harm     .   y - +0 cloak {rCorr}
rCorr    +         Rampage  .   u - +0 pair of gloves
MR       .....                  g - +0 pair of boots
Stlth    ++........             i - amulet of magic regeneration
HPRegen  0.24/turn              (no ring)
MPRegen  0.39/turn              (no ring)

@: no status effects
A: change form in water, swift swim, stealthy swim
a: Heroism, Renounce Religion


You were on level 9 of the Dungeon.
You worshipped Okawaru.
Okawaru was greatly pleased with you.
You visited 2 branches of the dungeon, and saw 10 of its levels.
You also visited: Bailey.

You collected 418 gold pieces.

Inventory:

Hand Weapons
 a - a +0 trident
 o - a +2 halberd (weapon)
Missiles
 d - 3 throwing nets (quivered)
Armour
 c - a +0 helmet
 g - a +0 pair of boots (worn)
 l - a +0 ring mail
 u - a +0 pair of gloves (worn)
 v - the +7 leather armour of the Loofah (worn) {*Corrode rPois rF+ Dex+7}
   (You found it on level 7 of the Dungeon)

   It affects your dexterity (+7).
   It protects you from fire.
   It protects you from poison.
   It may corrode you when you take damage.
 w - a +2 helmet (worn)
 x - a +0 cloak
 y - a +0 cloak of preservation (worn)
Jewellery
 i - an amulet of magic regeneration (around neck)
 n - an uncursed ring of flight
Wands
 z - a wand of digging (6)
Scrolls
 e - 3 scrolls of fear
 h - 2 scrolls of identify
 j - 5 scrolls of teleportation
 k - 3 scrolls of immolation
 m - a scroll of magic mapping
 p - 5 scrolls of blinking
 r - a scroll of remove curse
 t - a scroll of enchant armour {unknown}
 A - a scroll of silence {unknown}
 B - a scroll of enchant weapon
Potions
 b - 2 potions of flight
 f - 3 potions of attraction
 q - a potion of cancellation


   Skills:
 + Level 9.2 Fighting
 * Level 15.8 Polearms
 - Level 2.0 Throwing
 + Level 11.1 Dodging
 + Level 4.0 Invocations


You had 10 spell levels left.
You didn't know any spells.
Your spell library contained the following spells:

 Spells                   Type           Power        Failure   Level
 Beastly Appendage        Tmut           #.....       45%         1
 Magic Dart               Conj           #...         45%         1
 Blink                    Tloc           N/A          58%         2
 Call Imp                 Summ           #.......     58%         2
 Slow                     Hex            #.......     58%         2
 Wereblood                Tmut           #.......     58%         2
 Conjure Flame            Conj/Fire      #.......     83%         3
 Mephitic Cloud           Conj/Pois/Air  #.......     83%         3
 Spider Form              Tmut/Pois      #.........   83%         3
 Ice Form                 Ice/Tmut       #.......     99%         4
 Blade Hands              Tmut           #.........   100%        5


Dungeon Overview and Level Annotations

Branches:
Dungeon (9/15)             Temple (1/1) D:6          Bailey (visited)
   Lair: D:8-11         Orc: D:9-12

Altars:
Ashenzari
Dithmenos
Elyvilon
Fedhas
Gozag
Hepliaklqana
Kikubaaqudgha
Makhleb
Nemelex Xobeh
Okawaru
Qazlal
Ru
Sif Muna
Trog
Uskayaw
Vehumet
Wu Jian
Xom
The Shining One
Lugonu

Annotations:
D:4 3 runed translucent doors, glosham's ghost, amateur DEDe


Message History

The boulder beetle is moderately wounded.
Attack whom?
Press: ? - help, Dir - move target cursor, f/p - boulder beetle
Aim: a boulder beetle (moderately wounded)
You reach to attack!
You hit the boulder beetle but do no damage.
The boulder beetle is moderately wounded.
Attack whom?
Press: ? - help, Dir - move target cursor, f/p - boulder beetle
Aim: a boulder beetle (moderately wounded)
You hit the boulder beetle.
The boulder beetle is heavily wounded.
The boulder beetle bites you!
* * * LOW HITPOINT WARNING * * *
The boulder beetle curls into a ball and begins rolling!
The boulder beetle misses you.
The boulder beetle stops rolling and uncurls.
The boulder beetle curls into a ball and begins rolling!
The boulder beetle hits you!!!
You die...

# #. ##. ... . #.### ..
#..@# # #. ###B#
#.########. #..
#..○######.#........
#.#.#.#○.....<..........
#.#...#°########.######.
#.###.## #)#
##...##########.# #..##
#........#
..####..####.########


You could see a boulder beetle.

Vanquished Creatures
  A two-headed ogre (D:8)
  2 orc knights (Bailey)
  An orc sorcerer (Bailey)
  A kobold demonologist (Bailey)
  Prince Ribbit (D:7)
  Menkaure (D:7)
  Duvessa (D:6)
  A black bear (D:8)
  2 ice beasts
  2 sky beasts (D:5)
  10 orc warriors
  4 phantoms
  A necrophage (D:8)
  2 ogres
  4 centaurs
  2 big kobolds (D:8)
  7 bullfrogs
  Dowan (D:6)
  2 scorpions
  A water moccasin skeleton (D:6)
  5 electric eels (Bailey)
  A bullfrog zombie (D:7)
  5 jellies
  A hound (D:8)
  Crazy Yiuf (D:7)
  A bullfrog skeleton (D:8)
  3 orc priests
  5 orc wizards
  6 worker ants
  3 iguanas
  A killer bee zombie (D:6)
  A hound skeleton (D:7)
  A worker ant zombie (D:5)
  19 gnolls
  11 adders
  2 shadow imps
  2 white imps
  3 ufetubi
  An ooze (D:5)
  2 worms
  A dart slug (D:4)
  6 leopard geckos
  36 orcs
  8 bats
  7 giant cockroaches
  12 goblins
  13 hobgoblins
  10 jackals
  2 quokkas
  12 frilled lizards
  A jackal skeleton (D:7)
  A jackal zombie (D:5)
  15 kobolds
  10 rats
255 creatures vanquished.

Vanquished Creatures (others)
  24 fungi (D:9)
  29 plants
  3 withered plants (D:8)
56 creatures vanquished.

Grand Total: 311 creatures vanquished

Notes
Turn   | Place    | Note
-------+----------+-------------------------------------------
     0 | D:1      | Kinoniko the Merfolk Gladiator began the quest for the Orb.
     0 | D:1      | Reached XP level 1. HP: 16/16 MP: 1/1
   224 | D:1      | Reached XP level 2. HP: 23/23 MP: 2/2
   247 | D:1      | Reached skill level 5 in Polearms
   670 | D:1      | Reached XP level 3. HP: 27/28 MP: 3/3
  1370 | D:2      | Reached XP level 4. HP: 21/34 MP: 4/4
  1397 | D:2      | Reached skill level 6 in Polearms
  2028 | D:2      | Found an ornate altar of the Wu Jian Council.
  2113 | D:3      | Noticed an orc warrior
  2139 | D:3      | Reached skill level 5 in Dodging
  2139 | D:3      | Reached XP level 5. HP: 32/41 MP: 5/5
  2353 | D:3      | Noticed a phantom
  2369 | D:3      | Killed a phantom
  2370 | D:3      | Reached skill level 7 in Polearms
  2459 | D:3      | Killed an orc warrior
  2460 | D:3      | Reached XP level 6. HP: 27/48 MP: 6/6
  2638 | D:3      | Reached skill level 8 in Polearms
  3260 | D:4      | Reached XP level 7. HP: 48/55 MP: 7/7
  3307 | D:4      | Found a hide-covered altar of Uskayaw.
  3377 | D:4      | Found a broken altar of Ashenzari.
  3377 | D:4      | Found a radiant altar of Vehumet.
  3378 | D:4      | Found a sacrificial altar of Ru.
  3398 | D:4      | Reached skill level 9 in Polearms
  3477 | D:4      | Found a glowing golden altar of the Shining One.
  3590 | D:4      | Found a shadowy altar of Dithmenos.
  3612 | D:4      | Reached skill level 5 in Fighting
  3671 | D:4      | Found a runed translucent gate.
  3671 | D:4      | Found a runed translucent gate.
  3673 | D:4      | Found a runed translucent gate.
  3677 | D:4      | Noticed glosham's ghost (amateur DEDe)
  3880 | D:5      | Entered Level 5 of the Dungeon
  4000 | D:5      | Reached skill level 10 in Polearms
  4000 | D:5      | Reached XP level 8. HP: 44/62 MP: 8/8
  4616 | D:5      | Reached skill level 11 in Polearms
  5359 | D:6      | Found a staircase to the Ecumenical Temple.
  5409 | Temple   | Entered the Ecumenical Temple
  5456 | Temple   | Became a worshipper of Warmaster Okawaru
  5692 | D:6      | HP: 2/65 [orc/+0 trident (4)]
  5703 | D:6      | Reached XP level 9. HP: 24/71 MP: 9/9
  6229 | D:6      | Reached skill level 12 in Polearms
  6367 | D:6      | Reached * piety under Okawaru
  6885 | D:7      | Noticed Duvessa
  6885 | D:7      | Noticed Dowan
  7030 | D:6      | Killed Duvessa
  7034 | D:6      | Killed Dowan
  7447 | D:7      | Got a steaming leather armour
  7458 | D:7      | Identified the +7 leather armour of the Loofah {*Corrode
                  | rPois rF+ Dex+7} (You found it on level 7 of the Dungeon)
  7508 | D:7      | Found a runed translucent door.
  7509 | D:7      | Noticed Crazy Yiuf
  7515 | D:7      | Killed Crazy Yiuf
  7516 | D:7      | Reached skill level 13 in Polearms
  7543 | D:7      | Noticed Prince Ribbit
  7549 | D:7      | Killed Prince Ribbit
  7705 | D:7      | Found a shimmering altar of Xom.
  7894 | D:7      | Noticed Menkaure
  7903 | D:7      | Killed Menkaure
  7903 | D:7      | Reached ** piety under Okawaru
  8219 | D:8      | Reached XP level 10. HP: 80/80 MP: 10/10
  8257 | D:8      | Reached skill level 14 in Polearms
  8281 | D:8      | Reached skill level 10 in Dodging
  8297 | D:8      | Found an ancient bone altar of Kikubaaqudgha.
  8298 | D:8      | Found a blossoming altar of Fedhas.
  8353 | D:8      | Found a flagged portal.
  8359 | Bailey   | Entered a bailey
  8598 | Bailey   | Noticed an orc knight
  8598 | Bailey   | Noticed a kobold demonologist
  8598 | Bailey   | Noticed an orc sorcerer
  8631 | Bailey   | Killed a kobold demonologist
  8632 | Bailey   | Reached skill level 1 in Invocations
  8961 | Bailey   | Noticed a rust devil
  8962 | Bailey   | Paralysed by an orc sorcerer for 3 turns
  8970 | Bailey   | Noticed a soul eater
  9231 | Bailey   | Killed an orc knight
  9231 | Bailey   | Reached *** piety under Okawaru
  9254 | Bailey   | Paralysed by an orc sorcerer for 2 turns
  9258 | Bailey   | Noticed a sixfirhy
  9276 | Bailey   | Killed an orc sorcerer
  9309 | Bailey   | Found an iron altar of Okawaru.
  9336 | Bailey   | Reached skill level 15 in Polearms
  9364 | Bailey   | Identified the +7 hunting sling of Excruciating Pain
                  | {speed, rN+ Stlth+}
  9372 | Bailey   | Noticed an orc knight
  9451 | Bailey   | Killed an orc knight
  9883 | D:8      | Reached **** piety under Okawaru
  9948 | D:8      | Found a burning altar of Makhleb.
  9948 | D:8      | Noticed a green death
 10164 | D:8      | Noticed a two-headed ogre
 10184 | D:8      | Killed a two-headed ogre
 10185 | D:8      | Reached XP level 11. HP: 55/89 MP: 13/13
 10664 | D:9      | Noticed a boulder beetle
 10709 | D:9      | Demolished by a boulder beetle

Illustrated notes

Levels and vault maps discovered:
D:1:      mushboom_english_gardens, layout_basic
D:2:      layout_loops_corners, lemuel_coloured_pillars_altar
D:3:      layout_loops_ring, nicolae_overflow_hidden_temple, serial_aquarium,
          aquarium_bridge_long_separate [aquarium_subvault_balcony,
          aquarium_subvault_bridge, aquarium_subvault_bridge,
          aquarium_subvault_wall, aquarium_subvault_bridge,
          aquarium_subvault_window], aquarium_window_3, aquarium_window_corner,
          aquarium_view_2c
D:4:      lemuel_upstairs_altar, layout_basic, nicolae_overflow_crystal_walls,
          gammafunk_temple_overflow_claw,
          nicolae_dithmenos_through_a_glass_darkly,
          nicolae_tso_carved_into_rock, gammafunk_ghost_necromancy
D:5:      layout_cave_pods, minmay_misc_feat_nine_boxes
D:6:      layout_loops_ring, minmay_temple_entry_drinking_statues,
          serial_co_window_serial, co_window_of_opportunity_a,
          co_window_corner_a, co_window_corner_a, co_window_paths_b,
          co_window_of_opportunity_a, co_window_of_opportunity_a,
          co_window_corner_a, co_window_of_opportunity_c,
          co_window_of_opportunity_b, co_window_2corner, co_window_2corner,
          co_window_broadway_b, co_window_broadway_a, co_window_paths_d,
          co_window_4corner_b, glass_columns_a, glass_columns_c,
          glass_columns_a, glass_columns_c
D:7:      layout_cave_pools, lemuel_crystal_altar, uniq_duvessa,
          uniq_crazy_yiuf_cottage, uniq_prince_ribbit1, uniq_menkaure
D:8:      layout_loops_ring, grunt_temple_overflow_growth_and_decay,
          makhleb_altar_promises_db, enter_bailey_4, serial_bayou_pond_d,
          grunt_ministairs_14
D:9:      layout_loops_ring, cheibrodos_worm_habitat,
          due_lair_maze_entry_diamond, serial_bayou, serial_bayou_lake_a,
          serial_bayou_pond_b, serial_bayou_crossing, serial_bayou_pond_b,
          uniq_gastronok
Temple:   corrupted_temple

Skill      XL: |  1  2  3  4  5  6  7  8  9 10 11 |
---------------+----------------------------------+-----
Polearms       | 5 6 7 8 10 11 13 15 | 15.8
Fighting       | 3 4 5 6 7 9 |  9.2
Dodging        | 5 6 7 8 9 11 | 11.1
Invocations    | 3 4 |  4.0
Throwing       | |  2.0

Action                   |  1- 3 |  4- 6 |  7- 9 | 10-12 || total
-------------------------+-------+-------+-------+-------++-------
Melee: Trident           |   138 |    26 |       |       ||   164
       Halberd           |       |   135 |   394 |   304 ||   833
       Tailslap          |       |       |       |     4 ||     4
  Use: Potion            |       |     1 |     9 |     1 ||    11
       Scroll            |       |       |     8 |     4 ||    12
 Stab: Sleeping          |     1 |       |       |       ||     1
       Distracted        |       |       |       |     1 ||     1
Armor: Leather armour    |    14 |       |     8 |    25 ||    47
       Ring mail         |    19 |    43 |    72 |       ||   134
Dodge: Dodged            |    69 |    81 |   249 |   134 ||   533

Table legend: (Time is in decaauts)
 A = Elapsed time spent in this place.
 B = Non-inter-level travel time spent in this place.
 C = Inter-level travel time spent in this place.
 D = Time resting spent in this place.
 E = Time spent auto-exploring this place.
 F = Levels seen in this place.
 G = Mean time per level.
                   A        B        C        D        E       F      G
               +--------+--------+--------+--------+--------+-----+--------+
         Total |  10523 |  10113 |    410 |   1970 |   6151 |  11 |  956.6 |
       Dungeon |   9144 |   8735 |    409 |   1402 |   5909 |   9 | 1016.0 |
        Temple |     69 |     69 |      0 |      0 |     27 |   1 |   69.0 |
        Bailey |   1309 |   1309 |      0 |    568 |    215 |   1 | 1309.0 |
               +--------+--------+--------+--------+--------+-----+--------+

Top non-repeatable levels by time:
     D:6: 2195 daAuts
  Bailey: 1309 daAuts
     D:3: 1160 daAuts
     D:5: 1111 daAuts
     D:2: 1071 daAuts
     D:1: 1026 daAuts
     D:8: 989 daAuts
     D:7: 885 daAuts
     D:4: 630 daAuts
     D:9: 73 daAuts
  Temple: 69 daAuts
